cohdb
Replays
Latest Replays
All Replays
Popular Replays
Top Player Replays
Match Explorer
How It Works
Community
CoH3 Stats
Reddit
Sign in to upload your games and track your stats! →
Sign in with Steam
Match 45896896
Unlisted
Match 45896896
Overview
Messages
Build Orders
End
Engineer Squad
Construct Barracks
Riflemen Squad
Selects Heavy Weapons
Riflemen Squad
Selects M2HB .50cal Heavy Machine Gun
Riflemen Squad
Grenade Package
Construct Weapon Support Center
Infantry Support Center
Construct Medical Station
Selects Assault Carriers
Selects Halftrack Strongpoints
M3 Assault Carrier
Advanced Logistics
M3 Assault Carrier
M1918 Browning Automatic Rifles
Survival Training
Engineer Squad
Munitions Surplus
Demolitions Package
Herr Blautier
TBoR
EPHX_Valkyrion
Jolpertti
I <3 SUISEI Sama
霜星QAQ
0
0
Comments
sign in to comment!
No comments posted yet!